 Dungeon Crawl Stone Soup version 0.30.1-9-gdf580d7c3d (webtiles) character file.

Game seed: 12900145712219095938

6399 leafyfresh the Grappler (level 10, 0/110 HPs)
             Began as a Troll Berserker on Oct 13, 2023.
             Was a High Priest of Trog.
             Succumbed to a gnoll sergeant's poison
             ... on level 10 of the Dungeon.
             The game lasted 00:17:27 (8063 turns).

leafyfresh the Grappler (Troll Berserker)           Turns: 8063, Time: 00:17:27

Health: 0/110      AC:  7    Str: 37    XL:     10   Next: 66%
Magic:  9/9        EV: 15    Int:  3    God:    Trog [*****.]
Gold:   450        SH:  0    Dex:  9    Spells: 9/9 levels left

rFire   . .          .
                       - Unarmed
rCold   . . .        (no shield)
rNeg    . . .        H - +0 steam dragon scales
rPois   .            (helmet restricted)
rElec   .            D - scarf {harm}
rCorr   .            (gloves unavailable)
SInv    .            (boots unavailable)
Will    .....        (no amulet)
Stlth   +            c - +6 ring of strength
HPRegen 1.18/turn    C - +5 ring of evasion
MPRegen 0.11/turn

%: harm (+30% outgoing, +20% incoming)
@: lethally poisoned (0 -> -2), on berserk cooldown, attractive, slowed, very
slow
A: large, unfitting armour, claws 3, regeneration 1, shaggy fur 1, tough skin 1
a: Renounce Religion, Berserk, Trog's Hand, Brothers in Arms


You were on level 10 of the Dungeon.
You worshipped Trog.
Trog was extremely pleased with you.
You visited 1 branch of the dungeon, and saw 10 of its levels.

You collected 476 gold pieces.
You spent 26 gold pieces at shops.

Inventory:

Hand Weapons
 K - a +2 antimagic broad axe
 M - the +3 dagger of the Pits of Slime {protect, Dex+4}
   (You found it on level 10 of the Dungeon)

   Dex:       It affects your dexterity (+4).
Missiles
 y - 9 javelins (quivered)
Armour
 a - a +0 animal skin
 j - a +0 cloak
 D - a scarf of harm (worn)
 H - +0 steam dragon scales (worn)
Jewellery
 c - a +6 ring of strength (left claw)
 n - a ring of magical power
 C - a +5 ring of evasion (right claw)
 G - a ring of protection from cold
Wands
 m - a wand of digging (11)
 p - a wand of roots (11)
 q - a wand of flame (38)
 I - a wand of charming (8)
Scrolls
 b - 5 scrolls of fog
 e - 3 scrolls of amnesia
 f - 4 scrolls of teleportation
 i - a scroll of blinking
 l - a scroll of acquirement {unknown}
 v - a scroll of enchant weapon {unknown}
 w - a scroll of poison {unknown}
 x - a scroll of immolation {unknown}
 z - a scroll of summoning {unknown}
 A - 3 scrolls of magic mapping {unknown}
 B - a scroll of noise {unknown}
 E - 2 scrolls of identify
 F - a scroll of vulnerability {unknown}
 J - a scroll of fear {unknown}
 L - a scroll of enchant armour {unknown}
Potions
 d - 2 potions of degeneration {unknown}
 g - a potion of resistance {unknown}
 h - 2 potions of attraction
 k - a potion of lignification {unknown}
 o - 3 potions of mutation {unknown}
 r - a potion of berserk rage {unknown}
 s - 3 potions of brilliance {unknown}
 t - 2 potions of curing {unknown}
 u - a potion of heal wounds {unknown}


   Skills:
 + Level 10.1 Fighting
 - Level 2.4 Dodging
 + Level 11.9 Unarmed Combat


You had 9 spell levels left.
You didn't know any spells.
Your spell library was empty.

Dungeon Overview and Level Annotations

Branches:
Dungeon (10/15)            Temple (0/1) D:7
   Lair: D:8-11         Orc: D:9-12

Altars:
Ashenzari
Fedhas
Hepliaklqana
Makhleb
Qazlal
Sif Muna
Uskayaw
Vehumet

Shops:
D:5 [*[*


Innate Abilities, Weirdness & Mutations

You are too large for most types of armour.
You have claws for hands.
Your natural rate of healing is unusually fast.
You are covered in fur. (AC +1)
You have tough skin. (AC +1)


Message History

You feel very sick.
You are no longer berserk.
You are exhausted.
You feel yourself slow down.
You feel very sick.
The gnoll sergeant hits you with a +0 spear of venom.
The gnoll closely misses you.
The gnoll hits you from afar with a +0 spear.
Items here: )))) [ ††.
The gnoll sergeant attacks as you move away!
The gnoll sergeant hits you with a +0 spear of venom.
You feel very sick.
The gnoll sergeant hits you but does no damage.
You are more poisoned.
The gnoll closely misses you.
You feel extremely sick. The gnoll sergeant barely misses you.
Unknown command.
You feel very sick.
As you read the scroll of teleportation, it crumbles to dust.
You feel strangely unstable.
You feel very sick.
The gnoll sergeant hits you from afar with a +0 spear of venom.
* * * LOW HITPOINT WARNING * * *
You are more poisoned.
The gnoll sergeant hits you from afar with a +0 spear of venom!
* * * LOW HITPOINT WARNING * * *
Blink to where?
Press: ? - help, Dir - move target
As you read the scroll of blinking, it crumbles to dust.
Your surroundings suddenly seem different.
Found a scroll labelled DIUZIG JYFAAK.
Found a stone staircase leading down.
* * * LOW HITPOINT WARNING * * *
You feel very sick.
Unknown command.
* * * LOW HITPOINT WARNING * * *
You feel very sick.
It was a potion of attraction.
You feel attractive to monsters.
You die...

##...#.......## ####...##.#[.
##......##§#.## #..........
#......g##.### ####.#...#.#..
.......g)g.#.. #..#.......###
#......g#### .#### #...##.#.#
##..............##.##..##.#.#
##...#.......#.##........#.#
#..###..#####.#####..####.#
#.. g.##....@......####.# #.
g.#...#.######......##### #
........# #######.....
#......?# ###...... ........>
#........ #.......# #..#.##.#
##.....## #.###.... ##...#
#..#.##.# ##.# ##..###.#


There were no monsters in sight!

Vanquished Creatures
  A two-headed ogre (D:10)
  Maggie (D:10)
  Sigmund (D:2)
  2 shadows
  3 wraiths
  3 steam dragons
  4 yaks (D:8)
  A water moccasin (D:9)
  2 orc warriors
  2 ice beasts
  A sky beast (D:7)
  3 black bears
  A centaur (D:9)
  A phantom (D:6)
  2 kobold brigands (D:9)
  3 necrophages (D:4)
  2 bullfrogs (D:7)
  A scorpion (D:6)
  A water moccasin zombie (D:4)
  12 wights
  5 killer bees (D:10)
  A howler monkey (D:8)
  A bullfrog zombie (D:4)
  5 hounds
  A jelly (D:8)
  8 orc priests
  6 iguanas
  Jessica (D:2)
  4 sleepcaps
  Natasha (twice) (D:2)
  6 orc wizards
  A hound zombie (D:4)
  A howler monkey zombie (D:4)
  Robin (D:2)
  A gnoll (D:10)
  9 adders
  A shadow imp (D:7)
  2 ufetubi
  3 worms
  A dart slug (D:2)
  17 orcs
  2 endoplasms
  5 giant cockroaches
  9 goblins
  7 hobgoblins
  11 jackals
  17 kobolds
  4 quokkas
  9 ball pythons
  5 bats
  2 frilled lizards (D:1)
  6 rats
201 creatures vanquished.

Notes
Turn   | Place    | Note
-------+----------+-------------------------------------------
     0 | D:1      | leafyfresh the Troll Berserker began the quest for the Orb.
     0 | D:1      | Reached XP level 1. HP: 22/22 MP: 0/0
    32 | D:1      | Reached XP level 2. HP: 25/29 MP: 1/1
   391 | D:1      | Reached ** piety under Trog
   434 | D:1      | Reached XP level 3. HP: 37/37 MP: 2/2
   728 | D:2      | Noticed Jessica
   738 | D:2      | Killed Jessica
   739 | D:2      | Reached skill level 4 in Unarmed Combat
   796 | D:2      | Found a stormy altar of Qazlal.
   834 | D:2      | Reached XP level 4. HP: 43/45 MP: 3/3
   849 | D:2      | Noticed Natasha
   856 | D:2      | Killed Natasha
   871 | D:2      | Noticed Sigmund
   888 | D:2      | Killed Sigmund
   889 | D:2      | Reached skill level 5 in Unarmed Combat
   889 | D:2      | Reached XP level 5. HP: 43/54 MP: 4/4
   923 | D:2      | Noticed Natasha
   931 | D:2      | Killed Natasha
   932 | D:2      | Reached XP level 6. HP: 45/63 MP: 5/5
  1150 | D:2      | Noticed Robin
  1180 | D:2      | Killed Robin
  1180 | D:2      | Reached *** piety under Trog
  2107 | D:3      | Found a burning altar of Makhleb.
  2292 | D:4      | Reached skill level 5 in Fighting
  2292 | D:4      | Reached skill level 6 in Unarmed Combat
  2295 | D:4      | Reached XP level 7. HP: 48/72 MP: 6/6
  2330 | D:4      | Found a shimmering blue altar of Sif Muna.
  2674 | D:4      | Found a blossoming altar of Fedhas.
  3066 | D:4      | Reached **** piety under Trog
  3123 | D:5      | Entered Level 5 of the Dungeon
  3201 | D:5      | Reached skill level 7 in Unarmed Combat
  3273 | D:5      | Reached XP level 8. HP: 40/83 MP: 7/7
  3444 | D:5      | Found Asucuz's General Store.
  3444 | D:5      | Found Evit Lyu's Antique Armour Shop.
  3444 | D:5      | Found Piju's General Store.
  3446 | D:5      | Found Odintibu's Armour Shoppe.
  3457 | D:5      | Bought a scroll of identify for 26 gold pieces
  3942 | D:6      | Reached skill level 8 in Unarmed Combat
  4125 | D:6      | Noticed a +0 falchion
  4135 | D:6      | Found a hide-covered altar of Uskayaw.
  4135 | D:6      | Noticed a +0 spear
  4136 | D:6      | Noticed a +0 dagger
  4137 | D:6      | Noticed a +0 short sword
  4137 | D:6      | Noticed a +0 short sword
  4137 | D:6      | Noticed a +0 dagger
  4138 | D:6      | Noticed a +0 spear
  4139 | D:6      | Noticed a +0 falchion
  4546 | D:6      | Reached XP level 9. HP: 90/93 MP: 8/8
  4763 | D:7      | Reached skill level 9 in Unarmed Combat
  4804 | D:7      | Found a staircase to the Ecumenical Temple.
  4821 | D:7      | Found a radiant altar of Vehumet.
  5972 | D:8      | Found a hazy altar of Hepliaklqana.
  6052 | D:8      | Reached skill level 10 in Unarmed Combat
  6113 | D:8      | Reached ***** piety under Trog
  6340 | D:8      | Reached XP level 10. HP: 81/105 MP: 9/9
  6385 | D:8      | Found a broken altar of Ashenzari.
  6729 | D:9      | Reached skill level 11 in Unarmed Combat
  6824 | D:9      | Received a gift from Trog
  7906 | D:10     | Entered Level 10 of the Dungeon
  7955 | D:10     | Identified the +3 dagger of the Pits of Slime {protect,
                  | Dex+4}
  8030 | D:10     | Noticed Maggie
  8037 | D:10     | Killed Maggie
  8038 | D:10     | Noticed a two-headed ogre
  8048 | D:10     | Killed a two-headed ogre
  8049 | D:10     | Reached skill level 10 in Fighting
  8061 | D:10     | HP: 5/110 [poisoned by a gnoll sergeant]
  8062 | D:10     | HP: 1/110 [poisoned by a gnoll sergeant]
  8063 | D:10     | Succumbed to a gnoll sergeant's poison

Illustrated notes

Levels and vault maps discovered:
D:1:      dpeg_arrival_stonehenge_8_columns, layout_basic
D:2:      layout_loops_corners, basic_altar, serial_park_tiny_2, uniq_natasha,
          uniq_sigmund, uniq_jessica, uniq_robin
D:3:      layout_basic, bloody_makhleb
D:4:      layout_basic, fedhas_altar_decomposition, led_sif_pool,
          minmay_parallelograms
D:5:      layout_basic, nicolae_wooded_promenade
D:6:      layout_basic, nicolae_uskayaw_en_pointe, serial_corexii_hall,
          corexii_hall_statues_u, corexii_hall_statues_deadend
D:7:      layout_gridville, mainiacjoe_overflow_catwalk,
          minmay_temple_entry_statues
D:8:      layout_basic, worldfamousw_hep_ancestral_shrine,
          mainiacjoe_overflow_brackets
D:9:      layout_layer_cave
D:10:     layout_loops_cross, enter_trove_0, nrook_loot_triangle,
          nicolae_transmutations_shop, uniq_amaemon, uniq_harold, uniq_maggie

Skill      XL: |  1  2  3  4  5  6  7  8  9 10 |
---------------+-------------------------------+-----
Fighting       | 3 4 5 6 7 9 10 | 10.1
Unarmed Combat | 4 5 6 7 8 10 11 | 11.9
Dodging        | |  2.4

Action                     |  1- 3 |  4- 6 |  7- 9 | 10-12 || total
---------------------------+-------+-------+-------+-------++-------
  Melee: Unarmed           |    87 |   131 |   274 |    87 ||   579
         Punch             |     3 |     6 |    12 |     3 ||    24
 Invoke: Berserk           |       |       |     1 |     2 ||     3
    Use: Scroll            |       |       |     4 |     2 ||     6
         Potion            |       |       |       |     1 ||     1
   Stab: Sleeping          |       |     1 |       |       ||     1
         Distracted        |       |       |       |     1 ||     1
 Armour: Animal skin       |    33 |    35 |    51 |       ||   119
         Steam dragon scal |       |       |       |    24 ||    24
  Dodge: Dodged            |    57 |    61 |   118 |    73 ||   309
